 Dungeon Crawl Stone Soup version 0.31-a0-726-g3c93526463 (webtiles) character file.

Game seed: 12582814530145570704

1 BritishOli the Trooper (level 1, -1/18 HPs)
             Began as a Demonspawn Fighter on Sept 11, 2023.
             Slain by Natasha (3 damage)
             ... on level 2 of the Dungeon.
             The game lasted 00:00:11 (64 turns).

BritishOli the Trooper (Demonspawn Fighter)           Turns: 64, Time: 00:00:11

Health: -1/18      AC:  6    Str: 16    XL:     1   Next: 16%
Magic:  1/1        EV:  8    Int:  9    God:
Gold:   0          SH:  4    Dex: 12    Spells: 0/0 levels left

rFire   . . .        a - +0 war axe
rCold   . . .        c - +0 buckler
rNeg    . . .        b - +0 scale mail
rPois   .            (no helmet)
rElec   .            (no cloak)
rCorr   .            (no gloves)
SInv    .            (no boots)
Will    .....        (no amulet) Stlth
                     (no ring)
HPRegen 0.23/turn    (no ring)
MPRegen 0.07/turn

%: no passive effects
@: no status effects
A: no striking features
a: no special abilities


You were on level 2 of the Dungeon.
You visited 1 branch of the dungeon, and saw 2 of its levels.

Inventory:

Hand Weapons
 a - a +0 war axe (weapon)
Armour
 b - a +0 scale mail (worn)
 c - a +0 buckler (worn)
Scrolls
 e - a scroll of blinking {unknown}
Potions
 d - a potion of might


   Skills:
 + Level 3.0 Fighting
 + Level 1.8 Axes
 + Level 2.7 Armour
 + Level 2.7 Shields


You couldn't memorise any spells.
You didn't know any spells.
Your spell library was empty.

Dungeon Overview and Level Annotations

Branches:
Dungeon (1/15)

Altars:

Annotations:
D:2 Natasha


Message History

No target in view!
e - a scroll labelled ILOCKO QOOD No target in view!
You see here a +0 falchion.
A quokka comes into view.
Natasha, Servant of Life and Death comes into view.
Natasha hisses angrily.
A worm comes into view.
You hit the quokka.
You kill the quokka!
You see here a quokka corpse.
Natasha claws you but does no damage.
You hit Natasha.
Natasha is lightly wounded.
Natasha closely misses you. Natasha claws you!
You miss Natasha.
Natasha is lightly wounded.
Natasha claws you.
You are too injured to fight recklessly!
You are too injured to fight recklessly!
You are too injured to fight recklessly!
You are too injured to fight recklessly!
You closely miss Natasha.
Natasha is lightly wounded.
Natasha casts a spell.
You barely miss Natasha.
Natasha is lightly wounded.
Natasha howls an incantation.
You feel troubled. Natasha casts a spell at you. The magic dart hits you.
* * * LOW HITPOINT WARNING * * *
Natasha claws you but does no damage.
You are too injured to fight recklessly!
You are too injured to fight recklessly!
You hit Natasha.
Natasha is moderately wounded.
You block the cerulean imp's attack. Natasha claws you.
You die...
Natasha curls up and begins to purr.

.#.#####.####.#
............... #
.###....###.# ..
#.###.#..# #.# ...
#....).<.# #.. ....
#########....##### .....
...........#......
......##########........
.....wh@†...............
.....5##################
..... .... ... .. .


You could see a worm, Natasha and a cerulean imp (summoned).

Vanquished Creatures
  A quokka (D:2)
1 creature vanquished.

Notes
Turn   | Place    | Note
-------+----------+-------------------------------------------
     0 | D:1      | BritishOli the Demonspawn Fighter began the quest for the
                  | Orb.
     0 | D:1      | Reached XP level 1. HP: 18/18 MP: 1/1
     1 | D:1      | You fall into a shaft and drop 1 floor!
    56 | D:2      | Noticed Natasha
    63 | D:2      | Noticed a cerulean imp
    64 | D:2      | Slain by Natasha

Illustrated notes

Levels and vault maps discovered:
D:1:      roderic_octagonal_star, layout_rooms,
          chequers_ecumenical_altar_simple_redux, chequers_serial_rivers_room_b
D:2:      layout_basic, uniq_natasha

Action                     || total
---------------------------++-------
  Melee: War axe           ||     6
 Armour: Scale mail        ||     6
  Dodge: Dodged            ||     1
  Block: Buckler           ||     1

Table legend: (Time is in decaauts)
 A = Elapsed time spent in this place.
 B = Non-inter-level travel time spent in this place.
 C = Inter-level travel time spent in this place.
 D = Time resting spent in this place.
 E = Time spent auto-exploring this place.
 F = Levels seen in this place.
 G = Mean time per level.
                   A        B        C        D        E       F      G
               +--------+--------+--------+--------+--------+-----+--------+
         Total |     66 |     66 |      0 |      0 |     47 |   2 |   33.0 |
       Dungeon |     66 |     66 |      0 |      0 |     47 |   2 |   33.0 |
               +--------+--------+--------+--------+--------+-----+--------+

Top non-repeatable levels by time:
     D:2: 65 daAuts
     D:1: 1 daAuts
